 Dungeon Crawl Stone Soup version 0.28.0-53-g5a82cb258f (webtiles) character file.

Game seed: 17597990249017518630

41 mcbry74 the Insei (level 3, 0/26 HPs)
             Began as a Merfolk Transmuter on July 5, 2022.
             Slain by a hobgoblin (1 damage)
             ... on level 2 of the Dungeon.
             The game lasted 00:05:39 (2129 turns).

mcbry74 the Insei (Merfolk Transmuter)              Turns: 2129, Time: 00:05:39

Health: 0/26       AC:  2    Str: 10    XL:     3   Next: 52%
Magic:  5/6        EV: 12    Int: 14    God:
Gold:   39         SH:  0    Dex: 14    Spells: 3/6 levels left

rFire   . . .      SeeInvis .     - Unarmed
rCold   . . .      Faith    .   (no shield)
rNeg    . . .      Spirit   .   a - +0 robe
rPois   .          Reflect  .   (helmet currently unavailable)
rElec   .          Harm     .   (no cloak)
rCorr   +          Rampage  .   (no gloves)
Will    .....                   (boots currently unavailable)
Stlth   +.........              (no amulet)
HPRegen 0.08/turn               h - ring of resist corrosion
MPRegen 0.10/turn               (no ring)

@: appendages (expiring)
A: horns 2, (nimble swimmer 2), mertail
a: End Transformation


You were on level 2 of the Dungeon.
You had temporarily grown beastly horns.
You visited 1 branch of the dungeon, and saw 2 of its levels.

You collected 67 gold pieces.
You spent 28 gold pieces at shops.

Inventory:

Hand Weapons
 g - a +1 dagger of holy wrath
Missiles
 c - 76 stones
 i - 2 datura-tipped darts
Armour
 a - a +0 robe (worn)
 f - a +0 helmet (melded)
Jewellery
 h - a ring of resist corrosion (left hand)
Scrolls
 d - a scroll of enchant weapon {unknown}
 e - a scroll of immolation
 j - a scroll of noise {unknown}
 k - a scroll of brand weapon {unknown}
Potions
 b - a potion of brilliance


   Skills:
 - Level 1.1 Fighting
 - Level 2.6 Dodging
 + Level 4.9 Unarmed Combat
 - Level 2.0 Spellcasting
 - Level 2.6 Transmutations


You had 3 spell levels left.
You knew the following spells:

 Your Spells              Type           Power      Damage    Failure   Level
a - Beastly Appendage     Tmut           16%        N/A       8%          1
b - Wereblood             Tmut           8%         N/A       12%         2

Your spell library contained the following spells:

 Spells                   Type           Power      Damage    Failure   Level
 Spider Form              Tmut/Pois      5%         N/A       38%         3
 Ice Form                 Ice/Tmut       5%         N/A       80%         4
 Fireball                 Conj/Fire      0%         3d3       100%        5
 Iskenderun's Battlesphe  Conj           1%         2d6       100%        5
 Conjure Ball Lightning   Conj/Air       0%         3x3d6     100%        6
 Orb of Destruction       Conj           0%         9d5       100%        7


Dungeon Overview and Level Annotations

Branches:
Dungeon (2/15)

Altars:
Ru

Shops:
D:1 (   D:2 *


Innate Abilities, Weirdness & Mutations

You have temporarily grown beastly horns.
((You are very nimble when in or above water. (Stealth+, EV+, Speed+++)))
Your lower body shifts to a powerful aquatic tail in water.


Message History

The hobgoblin is moderately wounded.
The hobgoblin hits you. x2
You closely miss the hobgoblin.
The hobgoblin is moderately wounded.
Your horns disappear.
Your +0 helmet unmelds from your body.
The hobgoblin barely misses you.
You closely miss the hobgoblin.
The hobgoblin is moderately wounded.
The hobgoblin hits you but does no damage.
The dart slug launches a dart at you. The slug dart misses you.
Casting: Beastly Appendage (safe; 8% risk of failure)
Confirm with . or Enter, or press ? or * to list all spells.
You grow a pair of large bovine horns.
Your +0 helmet melds into your body.
The hobgoblin barely misses you.
The hobgoblin hits you but does no damage.
The dart slug launches a dart at you. The slug dart hits you.
The hobgoblin hits you. The dart slug launches a dart at you.
The slug dart hits you. The hobgoblin closely misses you.
The hobgoblin misses you.
You hit the dart slug.
The dart slug is moderately wounded.
The hobgoblin hits you. The dart slug launches a dart at you.
The slug dart hits you.
* * * LOW HITPOINT WARNING * * *
You hit the dart slug. You headbutt the dart slug.
The dart slug is severely wounded.
The hobgoblin hits you.
* * * LOW HITPOINT WARNING * * *
The hobgoblin hits you.
* * * LOW HITPOINT WARNING * * *
The dart slug bites you.
* * * LOW HITPOINT WARNING * * *
The hobgoblin barely misses you.
Your transformation is almost over.
The hobgoblin hits you.
You die...

### ... #.# #.# #.# #.#
#####..#########@# ###
.............##g# ....
........ #..##.# .....
#.._...###†...w##......
#.....##..............#
.....##.##.##.##.....#
#####.#.##.##.#.... ...##
...(..........#.<........
.#####.########..#####.##


You could see a dart slug and a hobgoblin (fast).

Vanquished Creatures
  An adder (D:2)
  4 endoplasms (D:1)
  A giant cockroach (D:1)
  2 hobgoblins
  4 kobolds
  A quokka (D:1)
  3 ball pythons
  4 bats
  A frilled lizard (D:2)
  5 goblins
  4 rats
30 creatures vanquished.

Notes
Turn   | Place    | Note
-------+----------+-------------------------------------------
     0 | D:1      | mcbry74 the Merfolk Transmuter began the quest for the Orb.
     0 | D:1      | Reached XP level 1. HP: 15/15 MP: 3/3
   644 | D:1      | Found a faded altar of an unknown god.
   652 | D:1      | Reached XP level 2. HP: 16/21 MP: 3/5
   656 | D:1      | Reached skill level 4 in Unarmed Combat
   740 | D:1      | Learned a level 2 spell: Wereblood
  1230 | D:1      | Found Kaomagosta's Antique Weapon Emporium.
  1446 | D:1      | Reached XP level 3. HP: 26/26 MP: 6/6
  1877 | D:2      | Found Niphet's General Store.
  1886 | D:2      | Bought a scroll of identify for 28 gold pieces
  2090 | D:2      | Found a sacrificial altar of Ru.
  2125 | D:2      | HP: 1/26 [dart slug (1)]
  2129 | D:2      | Slain by a hobgoblin

Illustrated notes

Levels and vault maps discovered:
D:1:      dpeg_arrival_radiant, layout_rooms, hellmonk_ecumenical_altar_blasted,
          serial_shops, shop_fountains
D:2:      layout_loops_ring, serial_shops, shop_statue, basic_altar

Skill      XL: |  1  2 |
---------------+-------+-----
Unarmed Combat | 4 |  4.9
Fighting       | |  1.1
Dodging        | |  2.6
Spellcasting   | |  2.0
Transmutations | |  2.6

Action                   || total
-------------------------++-------
Melee: Unarmed           ||    89
       Headbutt          ||    15
       Punch             ||     1
 Cast: Beastly Appendage ||    20
       Wereblood         ||     1
  Use: Scroll            ||     1
 Stab: Sleeping          ||     3
Armor: Robe              ||    18
Dodge: Dodged            ||    51
